 Dungeon Crawl Stone Soup version 0.18.1-5-g4a78601 (webtiles) character file.

959 LORDOFBUTT the Ducker (level 7, -4/55 HPs)
             Began as a Demonspawn Berserker on May 10, 2016.
             Was an Elder of Trog.
             Slain by an orc warrior
             ... wielding a +0 long sword
              (14 damage)
             ... on level 6 of the Dungeon.
             The game lasted 00:07:17 (4903 turns).

LORDOFBUTT the Ducker (Demonspawn Berserker)        Turns: 4903, Time: 00:07:18

Health: -4/55      AC: 10    Str: 18    XL:     7   Next: 91%
Magic:  7/7        EV: 19    Int:  8    God:    Trog [****..]
Gold:   303        SH:  0    Dex: 14    Spells: 0 memorised, 6 levels left

rFire  . . .     SeeInvis .       - Unarmed
rCold  . . .     Gourm    .     d - +1 leather armour {MR+}
rNeg   . . .     Faith    .     (no shield)
rPois  .         Spirit   .     (helmet restricted)
rElec  .         Dismiss  .     (no cloak)
rCorr  .         Reflect  .     (no gloves)
SustAt .         Harm     .     (no boots)
MR     +....                    (no amulet)
Stlth  ++........               (no ring)
                                j - +4 ring of evasion

@: exhausted, slowed, very slow, somewhat resistant to hostile enchantments,
unstealthy
A: antennae 1, iridescent scales 2, regeneration 1
a: Berserk, Trog's Hand, Brothers in Arms, Burn Spellbooks, Renounce Religion


You were on level 6 of the Dungeon.
You worshipped Trog.
Trog was greatly pleased with you.
You were very hungry.

You visited 1 branch of the dungeon, and saw 6 of its levels.

You collected 303 gold pieces.

Inventory:

Armour
 d - a +1 leather armour of magic resistance (worn)
Jewellery
 j - a +4 ring of evasion (left hand)
 r - an uncursed ring of fire
 s - an uncursed ring of wizardry
Wands
 w - a wand of acid (4/15)
Scrolls
 c - 2 scrolls of remove curse
 f - 2 scrolls of enchant weapon
 h - 3 scrolls of blinking {unknown}
 i - a scroll of amnesia
 k - a scroll of recharging {unknown}
 o - a scroll of random uselessness {unknown}
 q - 2 scrolls of enchant armour {unknown}
 t - 2 scrolls of identify
Potions
 e - 2 potions of brilliance
 g - a potion of agility {unknown}
 l - 4 potions of curing
 m - a potion of haste
 n - a potion of lignification {unknown}
 p - 2 potions of heal wounds
 u - 2 potions of might
 v - a potion of flight {unknown}
Comestibles
 a - a royal jelly
 b - a bread ration


   Skills:
 + Level 4.5 Fighting
 + Level 1.9 Armour
 + Level 5.9 Dodging
 + Level 2.4 Stealth
 + Level 5.2 Unarmed Combat


You had 6 spell levels left.
You didn't know any spells.

Dungeon Overview and Level Annotations

Branches:
Dungeon (6/15)
 Temple: D:4-7

Altars:
Cheibriados
Makhleb
Nemelex Xobeh
Pakellas
Ru
Trog


Innate Abilities, Weirdness & Mutations

You have a pair of small antennae on your head.
You are mostly covered in iridescent scales (AC +6).
Your natural rate of healing is unusually fast.


Message History

The orc warrior is heavily wounded.
The orc warrior closely misses you.
You hit the orc warrior but do no damage.
The orc warrior is heavily wounded.
You punch the orc warrior!
The orc warrior is severely wounded.
You are no longer berserk.
You are exhausted.
You feel yourself slow down.
You are feeling very hungry.
The orc warrior hits you but does no damage.
You completely miss the orc warrior.
The orc warrior is severely wounded.
The orc warrior hits you with a long sword!
* * * LOW HITPOINT WARNING * * *
A six-headed hydra comes into view.
You closely miss the orc warrior.
The orc warrior is severely wounded.
The orc warrior hits you with a long sword!
You die...

. #o...##.#.....(
≈........#....##.#.#####
...D.....#....##.#.....#
.........#.......#.###.#
.........#.....#.#.....#
...........#.#.#.#.#####
.........###.#.........#
......)o.# #.###.#.###.#
.......@.# #.....#.#
#####.#.##########.# #
#.......... ....
....###.######## #.##..#
................ ...#...
###.###.######## ######
.... #...## #...#


You could see a six-headed hydra (wandering) and an orc warrior.

Vanquished Creatures
  Menkaure (D:4)
  A sky beast (D:5)
  A centaur (D:6)
  A crimson imp (D:6)
  2 giant frog skeletons (D:6)
  A hound (D:4)
  An orc priest (D:3)
  2 orc wizards
  A centaur skeleton (D:4)
  An iguana (D:5)
  Terence (D:2)
  5 worker ants
  A worker ant zombie (D:6)
  8 gnolls
  6 adders
  3 oozes
  A worm (D:2)
  A dart slug (D:2)
  8 orcs
  2 ball pythons
  A giant cockroach (D:1)
  11 goblins
  6 hobgoblins
  4 jackals (D:1)
  9 kobolds
  2 quokkas
  12 bats
  5 giant newts
  A quokka skeleton (D:5)
  10 rats
109 creatures vanquished.

Vanquished Creatures (others)
  A hydra (D:4)
1 creature vanquished.

Grand Total: 110 creatures vanquished

Notes
Turn   | Place    | Note
--------------------------------------------------------------
     0 | D:1      | LORDOFBUTT the Demonspawn Berserker began the quest for the Orb.
     0 | D:1      | Reached XP level 1. HP: 18/18 MP: 1/1
    80 | D:1      | Gained mutation: You are partially covered in iridescent scales (AC +4). [demonic ancestry]
    80 | D:1      | Reached XP level 2. HP: 19/24 MP: 2/2
   515 | D:1      | Reached ** piety under Trog
   655 | D:1      | Reached XP level 3. HP: 29/29 MP: 3/3
  1310 | D:2      | Found a bloodstained altar of Trog.
  1645 | D:2      | Gained mutation: You have a pair of small antennae on your head. [demonic ancestry]
  1645 | D:2      | Reached XP level 4. HP: 28/35 MP: 4/4
  1682 | D:2      | Found a burning altar of Makhleb.
  1695 | D:2      | Found a snail-covered altar of Cheibriados.
  1725 | D:2      | Noticed Terence
  1735 | D:2      | Killed Terence
  1735 | D:2      | Reached skill level 1 in Stealth
  2117 | D:3      | Reached *** piety under Trog
  2153 | D:3      | Reached XP level 5. HP: 34/41 MP: 5/5
  2854 | D:4      | Gained mutation: Your natural rate of healing is unusually fast. [potion of beneficial mutation]
  2910 | D:4      | Gained mutation: You are mostly covered in iridescent scales (AC +6). [demonic ancestry]
  2910 | D:4      | Reached XP level 6. HP: 37/47 MP: 6/6
  3103 | D:4      | Found a sparkling altar of Nemelex Xobeh.
  3163 | D:4      | Noticed Menkaure
  3172 | D:4      | Killed Menkaure
  3247 | D:4      | Found an oddly glowing altar of Pakellas.
  3248 | D:4      | Noticed a five-headed hydra
  3255 | D:4      | Killed a five-headed hydra
  3386 | D:4      | Reached skill level 5 in Dodging
  3661 | D:4      | Reached XP level 7. HP: 54/54 MP: 7/7
  3749 | D:5      | Entered Level 5 of the Dungeon
  4145 | D:5      | Found a sacrificial altar of Ru.
  4740 | D:6      | Reached skill level 5 in Unarmed Combat
  4767 | D:6      | Reached **** piety under Trog
  4903 | D:6      | Noticed a six-headed hydra
  4903 | D:6      | Slain by an orc warrior

Skill      XL: |  1  2  3  4  5  6  7 |
---------------+----------------------+-----
Unarmed Combat | 3 4 5 |  5.2
Dodging        | 2 3 4 5 |  5.9
Stealth        | 1 2 |  2.4
Fighting       | 4 |  4.5
Armour         | |  1.9

Action                   |  1- 3 |  4- 6 |  7- 9 || total
-------------------------+-------+-------+-------++-------
Melee: Unarmed           |   184 |   226 |   215 ||   625
       Punch             |     3 |     3 |     4 ||    10
Invok: Berserk           |     1 |     4 |     1 ||     6
  Use: Scroll            |       |     4 |     7 ||    11
       Potion            |       |     1 |       ||     1
 Stab: Sleeping          |     2 |     1 |     2 ||     5
       Distracted        |       |       |     1 ||     1
  Eat: Bread ration      |     1 |     1 |     1 ||     3
       Meat ration       |       |     1 |       ||     1
Armor: Animal skin       |    70 |    60 |    10 ||   140
       Leather armour    |       |       |    33 ||    33
Dodge: Dodged            |   141 |   204 |   171 ||   516
